 Dungeon Crawl Stone Soup version 0.21-a0-346-g330ab2c (webtiles) character file.

89387 Amnesiac the Geomancer (level 15, -2/115 HPs)
             Began as a Gnoll Earth Elementalist on Oct 5, 2017.
             Was a High Priest of Ashenzari.
             Killed by the air
             ... invoked by a titan
              (25 damage)
             ... on level 2 of the Depths.
             The game lasted 01:14:37 (21310 turns).

Amnesiac the Geomancer (Gnoll Earth Elementalist)  Turns: 21310, Time: 01:14:37

Health: -2/115     AC: 16    Str: 11    XL:     15   Next: 97%
Magic:  0/30       EV: 20    Int: 23    God:    Ashenzari [*****.]
Gold:   723        SH: 15    Dex: 16    Spells: 5/36 levels left

rFire    . . .     SeeInvis +   k - +10 Maxwell's thermic engine {flame, freeze, rF- rC-}
rCold    . . .     Gourm    .   G - +3 shield {rF+} (curse)
rNeg     . . .     Faith    .   e - +2 robe {rC+}
rPois    .         Spirit   +   q - +1 helmet
rElec    .         Reflect  .   U - +2 cloak {MR+}
rCorr    .         Harm     .   (no gloves)
MR       ++...     Clarity  +   I - +0 pair of boots
Stlth    +++++.....             T - amulet of guardian spirit (curse)
HPRegen  0.29/turn              i - ring of wizardry (curse)
MPRegen  0.22/turn              V - +4 ring of protection (curse)

@: no status effects
A: distributed training, fangs 1, strong nose
a: Curse Item, Scrying, Renounce Religion


You were on level 2 of the Depths.
You worshipped Ashenzari.
Ashenzari was extremely pleased with you.
You were not hungry.

You visited 3 branches of the dungeon, and saw 18 of its levels.
You also visited: Labyrinth.

You collected 1432 gold pieces.
You spent 709 gold pieces at shops.

Inventory:

Hand Weapons
 a - a +4 dagger of chaos
 b - a +3 scimitar of flaming
 k - the +10 Maxwell's thermic engine (weapon) {flame, freeze, rF- rC-}
   (You found it on level 1 of the Depths)

   It has been specially enchanted to burn those struck by it, causing extra
   injury to most foes and up to half again as much damage against particularly
   susceptible opponents.
   Big, fiery blades are also staple armaments of hydra-hunters.
   It makes you vulnerable to fire.
   It makes you vulnerable to cold.
 S - a +0 demon whip of flaming
Missiles
 s - 195 stones (quivered)
 t - 6 needles of confusion
 N - 2 needles of sleeping
Armour
 e - a +2 robe of cold resistance (worn)
 q - a +1 helmet (worn)
 G - a cursed +3 shield of fire resistance (worn)
 I - a +0 pair of boots (worn)
 U - a +2 cloak of magic resistance (worn)
Jewellery
 i - a cursed ring of wizardry (left hand)
 T - a cursed amulet of guardian spirit (around neck)
 V - a cursed +4 ring of protection (right hand)
Wands
 H - a wand of confusion (42/48)
 L - a wand of acid (5/15)
 X - a wand of paralysis (7/24)
Scrolls
 f - 2 scrolls of blinking {!r}
 g - a scroll of enchant weapon {!r}
 m - 15 scrolls of identify {!r}
 n - 3 scrolls of amnesia {!r}
 w - 2 scrolls of fear {!r}
 x - a scroll of noise {!r, unknown}
 y - a scroll of remove curse {!r}
 A - 3 scrolls of teleportation {!r}
 C - a scroll of magic mapping {!r}
 Q - 2 scrolls of enchant armour {!r}
Potions
 h - 3 potions of berserk rage {!q}
 p - 2 potions of resistance {!q}
 r - 4 potions of agility {!q}
 u - 4 potions of cancellation {!q}
 v - 2 potions of might {!q}
 z - 3 potions of heal wounds {!q}
 D - 2 potions of brilliance {!q}
 F - 7 potions of curing {!q}
 J - 2 potions of ambrosia {!q}
 R - a potion of haste {!q}
 W - 3 potions of mutation {!q}
 Y - a potion of flight {!q}
Books
 j - a Necronomicon

   Spells                             Type                      Level
   a - Haunt                          Necromancy/Summoning         7
   b - Borgnjor's Revivification      Necromancy                   8
   c - Death's Door                   Charms/Necromancy            8
   d - Infestation                    Necromancy                   8
   e - Necromutation                  Transmutation/Necromancy     8
 o - a book of Dreams

   Spells                             Type                      Level
   a - Ensorcelled Hibernation        Hexes/Ice                    2
   b - Silence                        Hexes/Air                    5
   c - Darkness                       Hexes                        6
   d - Shadow Creatures               Summoning                    6
Miscellaneous
 c - a sack of spiders
Comestibles
 d - 8 bread rations
 l - 9 meat rations


   Skills:
 + Level 10.3 Fighting
 + Level 10.3 Short Blades
 + Level 10.3 Long Blades
 + Level 10.3 Axes
 + Level 10.3 Maces & Flails
 + Level 10.3 Polearms
 + Level 10.3 Staves
 + Level 10.3 Slings
 + Level 10.3 Bows
 + Level 10.3 Crossbows
 + Level 10.3 Throwing
 + Level 10.3 Armour
 + Level 11.2 Dodging
 + Level 11.0 Stealth
 + Level 10.3(12.7) Shields
 + Level 10.3 Unarmed Combat
 + Level 11.3 Spellcasting
 + Level 10.3(14.0) Conjurations
 + Level 10.3(14.0) Hexes
 + Level 10.3(14.0) Charms
 + Level 10.3(14.0) Summonings
 + Level 10.3(14.0) Necromancy
 + Level 10.3(14.0) Translocations
 + Level 10.6(14.3) Transmutations
 + Level 10.3(14.0) Fire Magic
 + Level 10.3(14.0) Ice Magic
 + Level 10.3(14.0) Air Magic
 + Level 12.0(15.6) Earth Magic
 + Level 10.3(14.0) Poison Magic
 + Level 10.3 Invocations
 + Level 10.3(14.0) Evocations


You had 5 spell levels left.
You knew the following spells:

 Your Spells              Type           Power        Failure   Level  Hunger
b - Passwall              Tmut/Erth      ######....   0%          2    None
c - Spectral Weapon       Hex/Chrm       ######..     1%          3    None
d - Lee's Rapid Deconstr  Erth           ######....   1%          5    ####...
e - Petrify               Tmut/Erth      ######..     1%          4    None
q - Deflect Missiles      Chrm/Air       ######....   1%          6    #####..
r - Regeneration          Chrm/Necr      ######....   1%          3    None
t - Sandblast             Erth           ######       0%          1    None
w - Haunt                 Necr/Summ      ######....   7%          7    #######


Dungeon Overview and Level Annotations

Branches:
Dungeon (15/15)            Temple (1/1) D:6            Lair (0/6) D:10
    Orc (0/2) D:9          Vaults (0/5) D:13         Depths (2/5) D:15

Altars:
Ashenzari
Cheibriados
Dithmenos
Elyvilon
Fedhas
Gozag
Hepliaklqana
Kikubaaqudgha
Makhleb
Nemelex Xobeh
Okawaru
Qazlal
Ru
Sif Muna
Trog
Uskayaw
Vehumet
Wu Jian
Xom
Yredelemnul
Zin
The Shining One

Shops:
D:4 [   D:9 ?:[*   D:13 (

Portals:
Hell: Depths:1
Abyss: Depths:1

Annotations:
Depths:1 3 runed doors


Innate Abilities, Weirdness & Mutations

Your experience applies equally to all skills.
You have very sharp teeth.
Your uncanny sense of smell can sniff out nearby items.


Message History

The ettin is severely wounded.
The helpless ettin fails to defend itself.
You slice the ettin!! You burn the ettin. You freeze the ettin.
The ettin is almost dead.
The helpless ettin fails to defend itself.
You hit the ettin. You burn the ettin. You freeze the ettin.
The ettin is almost dead.
The helpless ettin fails to defend itself.
You slice the ettin!! You burn the ettin.
You kill the ettin!
Your base Earth Magic skill increases to level 12!
Things that are here:
an uncursed dire flail x2
There isn't anything to butcher here.
A titan comes into view.
There is an open door here.
A floating eye comes into view.
The floating eye moves out of view.
The stone giant shouts!
You hit the titan. You burn the titan. You freeze the titan.
The titan is lightly wounded.
You hear two shouts!
The titan hits you!!
You hit the titan but do no damage. You freeze the titan.
The titan is lightly wounded.
You block the titan's attack.
You slash the titan! You burn the titan. You freeze the titan.
The titan is lightly wounded.
The floating eye's view fixates on you. The titan barely misses you.
You riposte.
You slash the titan! You burn the titan. You freeze the titan.
The titan is moderately wounded.
An ogre mage comes into view.
Casting: Petrify
Confirm with . or Enter, or press ? or * to list all spells.
You draw out your weapon's spirit!
The titan hits you!
You hit the titan. You burn the titan. You freeze the titan.
You bite the titan, but do no damage.
The titan is moderately wounded.
Your spectral weapon burns the titan.
Your spectral weapon freezes the titan.
The titan hits you.
The stone giant hits your spectral weapon!!
Your spectral weapon shares its damage with you!
You slash the titan! You burn the titan. You freeze the titan.
The titan is heavily wounded.
Your spectral weapon freezes the titan.
The titan gestures at you while chanting.
The bolt of lightning hits you!
* * * LOW HITPOINT WARNING * * *
The bolt of lightning hits you!
* * * LOW HITPOINT WARNING * * *
The stone giant barely misses your spectral weapon.
You hit the titan but do no damage. You freeze the titan.
The titan is heavily wounded.
Your spectral weapon freezes the titan.
The titan gestures wildly while chanting.
The titan is healed somewhat.
The stone giant closely misses your spectral weapon.
You slash the titan! You burn the titan. You freeze the titan.
The titan is heavily wounded.
Your spectral weapon burns the titan!
Your spectral weapon freezes the titan.
The titan waves its arms in wide circles.
The air twists around and strikes you!
You die...

.####.................#* *, *
.#..#.................#, *, ,
.'..#.................# ,*
.#..#.................# ,* ,
.#.##.................## ,*
#########.)..#'###.....O,, , ,
#....'....#..CG...G.. , , ,
#....#....#.(C#.....,, , ,
#....#....#..@# ,... , , ,
#....#....#...# , . ,, , ,
#....#....#...#, , , , ,,
#####'###....#.### , , ,, , ,
........./..#### * * * , ,,,
............# ,c# ............#
..# *
............###############..#,,
.......####......#.##........#,
,


You could see a titan, a stone giant, a floating eye and a friendly spectral
Maxwell's thermic engine {flame, freeze, rF- rC-}.

Vanquished Creatures
  A sphinx (D:13)
  2 stone giants
  2 vampire knights (Depths:2)
  Azrael (D:12)
  4 spark wasps (Depths:1)
  A blizzard demon (Depths:1)
  A minotaur (Lab)
  3 ettins
  4 fire dragons
  Fannar (D:12)
  2 hydras (D:12)
  4 centaur warriors
  A death knight (D:15)
  An ogre mage (D:15)
  13 two-headed ogres
  2 deep troll earth magi
  A deep troll shaman (Depths:2)
  4 sun demons
  20 slime creatures
  2 vampire magi
  The ghost of p0werm0de the Fighter, a novice MiCK of Xom (D:7)
  A hell knight (D:13)
  3 deep trolls (Depths:2)
  4 unseen horrors
  A glowing orange brain (Depths:2)
  An obsidian statue (D:14)
  2 necromancers
  An orange crystal statue (D:14)
  12 ugly things
  A phantasmal warrior (Depths:2)
  3 manticores
  A salamander (shapeshifter) (D:15)
  A guardian serpent (shapeshifter) (D:15)
  A black mamba (shapeshifter) (D:15)
  The ghost of anet the Magician, a novice DEWz of Ashenzari (D:5)
  Maurice (D:9)
  A centaur zombie (D:15)
  4 gargoyles (Lab)
  Psyche (D:9)
  A rime drake (shapeshifter) (D:15)
  A spiny frog (shapeshifter) (D:15)
  8 yaktaurs
  A redback zombie (D:15)
  3 tengu conjurers (Depths:1)
  3 ice devils (Depths:1)
  A queen bee (D:10)
  4 trolls
  A minotaur zombie (Lab)
  2 hippogriffs
  Prince Ribbit (D:5)
  3 dream sheep (D:3)
  7 water elementals
  A centaur simulacrum (D:14)
  2 wraiths (D:15)
  A wyvern (D:14)
  4 hogs (D:9)
  16 yaks
  5 fire elementals (D:12)
  A basilisk (D:12)
  A human (D:9)
  4 hungry ghosts
  A steam dragon (D:8)
  Grum (D:9)
  2 vampire mosquitoes (D:15)
  3 water moccasins
  An acid dragon (D:15)
  A hell hound (D:12)
  6 ice beasts
  4 sky beasts
  A phantom (D:7)
  A necrophage (D:7)
  9 boggarts
  4 wolves
  14 centaurs
  2 ogres
  2 big kobolds (D:7)
  6 bullfrogs
  A wyvern skeleton (D:14)
  2 scorpions (D:11)
  18 killer bees
  13 wights
  4 electric eels
  6 howler monkeys
  6 bullfrog zombies
  10 crimson imps
  A bullfrog skeleton (D:4)
  5 hounds
  2 jellies (D:10)
  5 orc priests
  2 centaur skeletons
  7 orc wizards
  4 iguanas
  5 worker ants
  3 yak simulacra (D:15)
  2 polar bear simulacra (D:15)
  A wolf simulacrum (D:15)
  A killer bee zombie (D:6)
  2 hound skeletons
  A howler monkey zombie (D:6)
  Robin (D:4)
  2 worker ant zombies
  A howler monkey skeleton (D:7)
  13 adders
  2 shadow imps
  4 adder zombies
  2 adder skeletons
  5 worms
  A worm (shapeshifter) (D:15)
  4 dart slugs
  6 leopard geckos
  27 orcs
  6 bats
  6 giant cockroaches
  19 goblins
  12 hobgoblins
  11 jackals
  18 kobolds
  3 quokkas
  A ball python (D:2)
  11 frilled lizards
  A jackal zombie (D:6)
  A leopard gecko zombie (D:6)
  A quokka zombie (D:6)
  8 rats
  5 river rat simulacra (D:15)
512 creatures vanquished.

Vanquished Creatures (collateral kills)
  A golden dragon (Depths:2)
  Rupert (D:13)
  An Ice Fiend (Depths:1)
  Agnes (D:14)
  2 balrugs (Depths:1)
  A stone giant (Depths:1)
  An ettin (D:13)
  A blizzard demon (Depths:1)
  2 rakshasas
  3 deep troll shamans (Depths:1)
  A soul eater (Depths:1)
  A sun demon (Depths:1)
  2 phantasmal warriors
  A guardian serpent (shapeshifter) (Depths:1)
  3 ice devils (Depths:1)
  A wraith (D:15)
  2 vampire mosquitoes (D:15)
  2 boggarts (Depths:1)
27 creatures vanquished.

Vanquished Creatures (others)
  A frost giant (Depths:2)
  An ettin (Depths:2)
  A yaktaur (Depths:2)
  2 dream sheep (D:3)
  13 plants (D:10)
  2 spectral weapons (Depths:2)
20 creatures vanquished.

Grand Total: 559 creatures vanquished

Notes
Turn   | Place    | Note
-------+----------+-------------------------------------------
     0 | D:1      | Amnesiac the Gnoll Earth Elementalist began the quest for the Orb.
     0 | D:1      | Reached XP level 1. HP: 13/13 MP: 6/6
   163 | D:3      | Reached XP level 2. HP: 19/19 MP: 4/7
   167 | D:3      | Learned a level 2 spell: Passwall
   236 | D:4      | Found Zumeuxergh's Armour Emporium.
   310 | D:5      | Entered Level 5 of the Dungeon
   359 | D:4      | Reached XP level 3. HP: 25/25 MP: 9/9
   427 | D:4      | Reached skill level 5 in Spellcasting
   443 | D:5      | Noticed an ogre
   447 | D:5      | Killed an ogre
   447 | D:5      | Reached skill level 1 in Fighting
   447 | D:5      | Reached skill level 1 in Short Blades
   447 | D:5      | Reached skill level 1 in Long Blades
   447 | D:5      | Reached skill level 1 in Axes
   447 | D:5      | Reached skill level 1 in Maces & Flails
   447 | D:5      | Reached skill level 1 in Polearms
   447 | D:5      | Reached skill level 1 in Staves
   447 | D:5      | Reached skill level 1 in Slings
   447 | D:5      | Reached skill level 1 in Bows
   447 | D:5      | Reached skill level 1 in Crossbows
   447 | D:5      | Reached skill level 1 in Throwing
   447 | D:5      | Reached skill level 1 in Armour
   447 | D:5      | Reached skill level 1 in Shields
   447 | D:5      | Reached skill level 1 in Unarmed Combat
   447 | D:5      | Reached skill level 1 in Conjurations
   447 | D:5      | Reached skill level 1 in Hexes
   447 | D:5      | Reached skill level 1 in Charms
   447 | D:5      | Reached skill level 1 in Summonings
   447 | D:5      | Reached skill level 1 in Necromancy
   447 | D:5      | Reached skill level 1 in Translocations
   447 | D:5      | Reached skill level 1 in Fire Magic
   447 | D:5      | Reached skill level 1 in Ice Magic
   447 | D:5      | Reached skill level 1 in Air Magic
   447 | D:5      | Reached skill level 1 in Poison Magic
   447 | D:5      | Reached skill level 1 in Invocations
   447 | D:5      | Reached skill level 1 in Evocations
   447 | D:5      | Reached XP level 4. HP: 32/32 MP: 7/11
   457 | D:5      | Learned a level 4 spell: Petrify
   474 | D:5      | Noticed a necrophage
   503 | D:5      | Reached XP level 5. HP: 37/37 MP: 5/12
   764 | D:5      | Noticed Prince Ribbit
   772 | D:5      | Learned a level 5 spell: Lee's Rapid Deconstruction
   832 | D:4      | Reached XP level 6. HP: 44/44 MP: 9/13
  1085 | D:4      | Noticed Robin
  1099 | D:4      | Killed Robin
  1099 | D:4      | Reached skill level 5 in Dodging
  1670 | D:5      | Killed Prince Ribbit
  1670 | D:5      | Reached skill level 7 in Earth Magic
  1670 | D:5      | Reached XP level 7. HP: 40/51 MP: 10/15
  1821 | D:5      | Noticed anet's ghost (novice DEWz)
  1830 | D:5      | Reached skill level 5 in Stealth
  1831 | D:5      | Reached XP level 8. HP: 47/57 MP: 4/16
  1842 | D:5      | Killed anet's ghost
  2418 | D:6      | Found a basalt altar of Yredelemnul.
  2419 | D:6      | Found a shimmering altar of Xom.
  2548 | D:6      | Got a fine war axe
  2575 | D:6      | Identified the +6 war axe of Ubialimn {antimagic, rC+} (You found it on level 6 of the Dungeon)
  2907 | D:6      | Found a staircase to the Ecumenical Temple.
  2919 | Temple   | Entered the Ecumenical Temple
  3070 | Temple   | Became a worshipper of Ashenzari the Shackled
  3911 | D:1      | Reached XP level 9. HP: 64/65 MP: 15/18
  4455 | D:2      | Reached * piety under Ashenzari
  5028 | D:3      | Found an ancient bone altar of Kikubaaqudgha.
  5121 | D:3      | Found a sacrificial altar of Ru.
  5172 | D:3      | Found a shimmering altar of Xom.
  5640 | D:4      | Bought a +2 shield of fire resistance for 301 gold pieces
  5865 | D:7      | Reached ** piety under Ashenzari
  5878 | D:7      | Noticed p0werm0de's ghost (novice MiCK)
  5980 | D:7      | Reached skill level 5 in Transmutations
  5982 | D:7      | Found a white marble altar of Elyvilon.
  6325 | D:7      | Reached skill level 8 in Earth Magic
  6734 | D:8      | Noticed a two-headed ogre
  6736 | D:8      | Killed a two-headed ogre
  6736 | D:8      | Reached XP level 10. HP: 63/73 MP: 14/20
  6976 | D:8      | Learned a level 3 spell: Spectral Weapon
  6980 | D:8      | Learned a level 3 spell: Regeneration
  6993 | D:8      | Found a deep blue altar of Sif Muna.
  7106 | D:7      | Killed p0werm0de's ghost
  7106 | D:7      | Reached skill level 5 in Fighting
  7106 | D:7      | Reached skill level 5 in Short Blades
  7106 | D:7      | Reached skill level 5 in Long Blades
  7106 | D:7      | Reached skill level 5 in Axes
  7106 | D:7      | Reached skill level 5 in Maces & Flails
  7106 | D:7      | Reached skill level 5 in Polearms
  7106 | D:7      | Reached skill level 5 in Staves
  7106 | D:7      | Reached skill level 5 in Slings
  7106 | D:7      | Reached skill level 5 in Bows
  7106 | D:7      | Reached skill level 5 in Crossbows
  7106 | D:7      | Reached skill level 5 in Throwing
  7106 | D:7      | Reached skill level 5 in Armour
  7106 | D:7      | Reached skill level 5 in Shields
  7106 | D:7      | Reached skill level 5 in Unarmed Combat
  7106 | D:7      | Reached skill level 5 in Conjurations
  7106 | D:7      | Reached skill level 5 in Hexes
  7106 | D:7      | Reached skill level 5 in Charms
  7106 | D:7      | Reached skill level 5 in Summonings
  7106 | D:7      | Reached skill level 5 in Necromancy
  7106 | D:7      | Reached skill level 5 in Translocations
  7106 | D:7      | Reached skill level 5 in Fire Magic
  7106 | D:7      | Reached skill level 5 in Ice Magic
  7106 | D:7      | Reached skill level 5 in Air Magic
  7106 | D:7      | Reached skill level 5 in Poison Magic
  7106 | D:7      | Reached skill level 5 in Invocations
  7106 | D:7      | Reached skill level 5 in Evocations
  7816 | D:9      | Noticed Maurice
  7817 | D:9      | Killed Maurice
  7829 | D:9      | Reached *** piety under Ashenzari
  7907 | D:9      | Found a staircase to the Orcish Mines.
  7941 | D:9      | Found Louteaf's Antique Armour Boutique.
  7973 | D:9      | Found Echome Temip's Magic Scroll Emporium.
  8076 | D:9      | Noticed Grum
  8091 | D:9      | Killed Grum
  8093 | D:9      | Noticed Psyche
  8245 | D:9      | Reached XP level 11. HP: 81/81 MP: 10/22
  8388 | D:9      | Found Irchic's Book Shop.
  8447 | D:9      | Found Satsap's General Store.
  8702 | D:9      | Killed Psyche
  8718 | D:10     | Entered Level 10 of the Dungeon
  8745 | D:10     | Found a staircase to the Lair.
  8810 | D:9      | Bought a scroll of remove curse for 30 gold pieces
  8886 | D:9      | Bought a glowing cloak for 255 gold pieces
  8957 | D:9      | Bought a scroll of blinking for 97 gold pieces
  8957 | D:9      | Bought a scroll of identify for 26 gold pieces
  9049 | D:10     | Noticed a two-headed ogre
  9059 | D:10     | Killed a two-headed ogre
  9059 | D:10     | Reached skill level 9 in Earth Magic
  9131 | D:10     | Noticed a two-headed ogre
  9132 | D:10     | Killed a two-headed ogre
  9521 | D:11     | Noticed an unseen horror
  9526 | D:11     | Killed an unseen horror
  9752 | D:11     | Noticed a two-headed ogre
  9770 | D:11     | Killed a two-headed ogre
  9777 | D:11     | Noticed an unseen horror
  9789 | D:11     | Killed an unseen horror
  9807 | D:11     | Reached XP level 12. HP: 82/89 MP: 2/24
 10941 | D:12     | Noticed Azrael
 10943 | D:12     | Killed Azrael
 11150 | D:12     | Noticed a two-headed ogre
 11159 | D:12     | Killed a two-headed ogre
 11192 | D:12     | Noticed an eight-headed hydra
 11197 | D:12     | Killed an eight-headed hydra
 11272 | D:12     | Reached **** piety under Ashenzari
 11327 | D:12     | Noticed Fannar
 11450 | D:12     | Killed Fannar
 11718 | D:12     | Reached skill level 10 in Earth Magic
 11799 | D:12     | Noticed a six-headed hydra
 11809 | D:12     | Killed a six-headed hydra
 12007 | D:13     | Found a labyrinth entrance.
 12035 | Lab      | Entered a labyrinth
 12349 | Lab      | Noticed a minotaur
 12369 | Lab      | Killed a minotaur
 12369 | Lab      | Reached XP level 13. HP: 47/98 MP: 3/26
 12397 | Lab      | Identified the Papyrus of Freezing Beguiling
 12398 | Lab      | Identified the amulet of the Lobster {*Slow +Inv rF+ Regen+ Dex+5}
 12472 | D:13     | Found Sumesch's Antique Weapon Emporium.
 12572 | D:13     | Found a gate to the Vaults.
 12957 | D:13     | Noticed an ettin
 13003 | D:13     | Noticed a stone giant
 13022 | D:13     | Noticed Rupert
 13241 | D:13     | Noticed a sphinx
 13250 | D:13     | Killed a sphinx
 13711 | D:13     | Learned a level 7 spell: Haunt
 13737 | D:13     | Killed an ettin
 13738 | D:13     | Killed Rupert
 13758 | D:13     | Noticed a fire dragon
 14071 | D:13     | Killed a fire dragon
 14106 | D:13     | Killed a stone giant
 14337 | D:14     | Learned a level 6 spell: Deflect Missiles
 14622 | D:14     | Reached skill level 10 in Spellcasting
 14640 | D:14     | Reached XP level 14. HP: 90/106 MP: 2/28
 14789 | D:14     | Reached ***** piety under Ashenzari
 14856 | D:14     | Noticed Agnes
 14870 | D:14     | Killed Agnes
 15147 | D:15     | Entered Level 15 of the Dungeon
 15248 | D:15     | Reached skill level 10 in Dodging
 15309 | D:15     | Reached skill level 11 in Earth Magic
 15414 | D:15     | Found an opulent altar of Gozag.
 15576 | D:15     | Reached skill level 10 in Stealth
 15831 | D:15     | Found a staircase to the Depths.
 15980 | D:15     | Found a shattered altar of Ashenzari.
 16200 | Depths:1 | Entered Level 1 of the Depths
 16488 | Depths:1 | Found a one-way gate to the infinite horrors of the Abyss.
 16535 | Depths:1 | Found a gateway to Hell.
 16601 | Depths:1 | Found a runed gate.
 16601 | Depths:1 | Found a runed gate.
 16601 | Depths:1 | Found a runed gate.
 16601 | Depths:1 | Found a runed gate.
 16601 | Depths:1 | Found a runed gate.
 16601 | Depths:1 | Found a runed gate.
 16602 | Depths:1 | Found the +2 Maxwell's thermic engine {flame, freeze, rF- rC-}
 16633 | Depths:1 | Noticed a balrug
 16768 | Depths:1 | Noticed an Ice Fiend
 16919 | Depths:1 | Reached XP level 15. HP: 114/114 MP: 13/29
 16964 | Depths:1 | Noticed a balrug
 17487 | Depths:1 | Killed an Ice Fiend
 17487 | Depths:1 | Reached skill level 10 in Transmutations
 17610 | Depths:1 | Noticed a Brimstone Fiend
 17985 | Depths:1 | Killed a balrug
 19880 | Depths:1 | Killed a balrug
 19880 | Depths:1 | Reached skill level 10 in Fighting
 19880 | Depths:1 | Reached skill level 10 in Short Blades
 19880 | Depths:1 | Reached skill level 10 in Long Blades
 19880 | Depths:1 | Reached skill level 10 in Axes
 19880 | Depths:1 | Reached skill level 10 in Maces & Flails
 19880 | Depths:1 | Reached skill level 10 in Polearms
 19880 | Depths:1 | Reached skill level 10 in Staves
 19880 | Depths:1 | Reached skill level 10 in Slings
 19880 | Depths:1 | Reached skill level 10 in Bows
 19880 | Depths:1 | Reached skill level 10 in Crossbows
 19880 | Depths:1 | Reached skill level 10 in Throwing
 19880 | Depths:1 | Reached skill level 10 in Armour
 19880 | Depths:1 | Reached skill level 10 in Shields
 19880 | Depths:1 | Reached skill level 10 in Unarmed Combat
 19880 | Depths:1 | Reached skill level 10 in Conjurations
 19880 | Depths:1 | Reached skill level 10 in Hexes
 19880 | Depths:1 | Reached skill level 10 in Charms
 19880 | Depths:1 | Reached skill level 10 in Summonings
 19880 | Depths:1 | Reached skill level 10 in Necromancy
 19880 | Depths:1 | Reached skill level 10 in Translocations
 19880 | Depths:1 | Reached skill level 10 in Fire Magic
 19880 | Depths:1 | Reached skill level 10 in Ice Magic
 19880 | Depths:1 | Reached skill level 10 in Air Magic
 19880 | Depths:1 | Reached skill level 10 in Poison Magic
 19880 | Depths:1 | Reached skill level 10 in Invocations
 19880 | Depths:1 | Reached skill level 10 in Evocations
 20498 | Depths:2 | Paralysed by a vampire knight for 5 turns
 20518 | Depths:2 | Noticed a frost giant
 20526 | Depths:2 | Killed a frost giant
 20888 | Depths:2 | Noticed a golden dragon
 20915 | Depths:2 | Killed a golden dragon
 21294 | Depths:2 | Reached skill level 12 in Earth Magic
 21297 | Depths:2 | Noticed a titan
 21310 | Depths:2 | Killed from afar by a titan

Vault maps used:
D:1:      lightli_arrival_flooded_house
D:2:      minmay_three_crescents
D:3:      nicolae_ru_great_annihilating_truth, nicolae_overflow_crystal_walls,
          minmay_misc_feat_columns, kb_xom_exploding_sheep
D:4:      first_bread, serial_shops, shop, minmay_misc_feat_rows,
          minmay_misc_feat_more_columns, uniq_robin
D:5:      kennysheep_big_flooded_room, uniq_prince_ribbit1
D:6:      gammafunk_temple_overflow_pools, temple_hall, serial_undead,
          serial_undead_b, serial_undead_a, serial_undead_b, serial_undead_e,
          kennysheep_cross_room, lemuel_another_geyser
D:7:      elyvilon_altar_5
D:8:      lemuel_crystal_altar
D:9:      orc_0_dummy, serial_shops, shop_coins, shop,
          nicolae_shop_behind_doors, nicolae_shop_window_shopping,
          grunt_livestock, uniq_grum, uniq_maurice, uniq_psyche
D:10:     kennysheep_spiral_hall, lair_entry_dummy,
          nicolae_looking_at_the_future
D:12:     cheibrodos_helix_gallery, nicolae_underground_beach, uniq_fannar,
          uniq_azrael
D:13:     cross_vault, david_vaults_1, lab_entry_generic, serial_shops, shop,
          uniq_rupert
D:14:     serial_bayou_pond_d, minmay_more_statues, uniq_agnes
D:15:     gammafunk_enter_depths_forms, basic_altar, ashenzari_altar_1,
          eino_house_with_fridge
Temple:   eino_temple_rhombus
Depths:1: abyss_entry, serial_sigils_hangedman_stare, hell_entry,
          brannock_guarded_unrand_thermic_engine
Depths:2: evilmike_diamond_2, grunt_hell_entry_dis_mu, minmay_staircase_bubble
Lab:      labyrinth_hidden_loot, nicolae_lab_grate_2, labyrinth_lava_lair,
          nicolae_lab_quarters, labyrinth_skeletal_remains, nicolae_lab_garden,
          nicolae_lab_x

Skill      XL: |  1  2  3  4  5  6  7  8  9 10 11 12 13 14 15 |
---------------+----------------------------------------------+-----
Spellcasting   | 5 6 7 8 9 10 11 | 11.3
Fighting       | 1 2 3 4 5 6 7 8 9 10 | 10.3
Short Blades   | 1 2 3 4 5 6 7 8 9 10 | 10.3
Long Blades    | 1 2 3 4 5 6 7 8 9 10 | 10.3
Axes           | 1 2 3 4 5 6 7 8 9 10 | 10.3
Maces & Flails | 1 2 3 4 5 6 7 8 9 10 | 10.3
Polearms       | 1 2 3 4 5 6 7 8 9 10 | 10.3
Staves         | 1 2 3 4 5 6 7 8 9 10 | 10.3
Slings         | 1 2 3 4 5 6 7 8 9 10 | 10.3
Bows           | 1 2 3 4 5 6 7 8 9 10 | 10.3
Crossbows      | 1 2 3 4 5 6 7 8 9 10 | 10.3
Throwing       | 1 2 3 4 5 6 7 8 9 10 | 10.3
Armour         | 1 2 3 4 5 6 7 8 9 10 | 10.3
Shields        | 1 2 3 4 5 6 7 8 9 10 | 10.3
Unarmed Combat | 1 2 3 4 5 6 7 8 9 10 | 10.3
Conjurations   | 1 2 3 4 5 6 7 8 9 10 | 10.3
Hexes          | 1 2 3 4 5 6 7 8 9 10 | 10.3
Charms         | 1 2 3 4 5 6 7 8 9 10 | 10.3
Summonings     | 1 2 3 4 5 6 7 8 9 10 | 10.3
Necromancy     | 1 2 3 4 5 6 7 8 9 10 | 10.3
Translocations | 1 2 3 4 5 6 7 8 9 10 | 10.3
Fire Magic     | 1 2 3 4 5 6 7 8 9 10 | 10.3
Ice Magic      | 1 2 3 4 5 6 7 8 9 10 | 10.3
Air Magic      | 1 2 3 4 5 6 7 8 9 10 | 10.3
Poison Magic   | 1 2 3 4 5 6 7 8 9 10 | 10.3
Invocations    | 1 2 3 4 5 6 7 8 9 10 | 10.3
Evocations     | 1 2 3 4 5 6 7 8 9 10 | 10.3
Transmutations | 3 4 5 6 7 8 9 10 | 10.6
Dodging        | 5 6 7 8 9 10 11 | 11.2
Earth Magic    | 7 8 9 10 11 12 | 12.0
Stealth        | 5 6 7 8 9 10 11 | 11.0

Action                   |  1- 3 |  4- 6 |  7- 9 | 10-12 | 13-15 || total
-------------------------+-------+-------+-------+-------+-------++-------
Melee: Unarmed           |     8 |    22 |       |       |       ||    30
       Bite              |     1 |     6 |    24 |    24 |    77 ||   132
       Dagger            |       |    42 |   195 |   230 |   430 ||   897
       War axe           |       |       |    29 |       |       ||    29
       Scimitar          |       |       |       |     8 |    21 ||    29
       Double sword      |       |       |       |       |    61 ||    61
Throw: Stone             |       |       |       |       |     1 ||     1
 Cast: Sandblast         |    16 |    50 |   121 |   163 |    11 ||   361
       Passwall          |       |     5 |    12 |    23 |    24 ||    64
       Lee's Rapid Decon |       |       |     9 |    22 |    53 ||    84
       Petrify           |       |       |    10 |    53 |   128 ||   191
       Haunt             |       |       |       |       |    41 ||    41
       Deflect Missiles  |       |       |       |       |     1 ||     1
       Spectral Weapon   |       |       |       |       |     3 ||     3
Invok: Curse Item        |       |       |     1 |     2 |     1 ||     4
Evoke: Wand              |       |       |     7 |     4 |     6 ||    17
  Use: Scroll            |       |       |       |    27 |     7 ||    34
       Potion            |       |       |       |       |     9 ||     9
 Stab: Sleeping          |       |     4 |    26 |    22 |    27 ||    79
       Petrified         |       |       |     7 |    43 |    85 ||   135
       Distracted        |       |       |     1 |     4 |     3 ||     8
       Paralysed         |       |       |     1 |       |    13 ||    14
       Petrifying        |       |       |       |    15 |    32 ||    47
       Confused          |       |       |       |       |     1 ||     1
  Eat: Chunk             |       |     2 |    17 |    25 |    24 ||    68
       Bread ration      |       |       |     1 |       |     2 ||     3
       Royal jelly       |       |       |       |       |    10 ||    10
       Fruit             |       |       |       |       |     9 ||     9
Armor: Robe              |     2 |     7 |    14 |     3 |    62 ||    88
       Leather armour    |       |       |    31 |    34 |       ||    65
Dodge: Dodged            |     8 |    33 |   139 |   105 |   213 ||   498
       Deflected         |       |       |       |       |     2 ||     2
Block: Buckler           |     4 |    12 |    37 |       |       ||    53
       Shield            |       |       |    35 |   138 |   276 ||   449
       Rpst.: Scimitar   |       |       |       |       |     4 ||     4
       Double sword      |       |       |       |       |     8 ||     8

Table legend:
 A = Spawn XP
 B = Non-spawn XP
 C = Spawn XP percentage of total XP
 D = Spawn monster count
 E = Non-spawn monster count
 F = Spawn count percentage of total count
 G = Total turns spent on level
                    A         B        C        D         E        F      G
               +---------+---------+-------+---------+---------+-------+---------
         Total |       0 |  127696 |   0.0 |       0 |     542 |   0.0 | 21310
               +---------+---------+-------+---------+---------+-------+---------
           D:1 |       0 |      60 |   0.0 |       0 |      34 |   0.0 |  1006
           D:2 |       0 |      62 |   0.0 |       0 |      18 |   0.0 |   800
           D:3 |       0 |     397 |   0.0 |       0 |      24 |   0.0 |   841
           D:4 |       0 |     304 |   0.0 |       0 |      33 |   0.0 |  1102
           D:5 |       0 |    1340 |   0.0 |       0 |      20 |   0.0 |  1172
           D:6 |       0 |     589 |   0.0 |       0 |      26 |   0.0 |   700
           D:7 |       0 |    1653 |   0.0 |       0 |      31 |   0.0 |   970
           D:8 |       0 |    2402 |   0.0 |       0 |      25 |   0.0 |  1125
           D:9 |       0 |    3569 |   0.0 |       0 |      23 |   0.0 |  1038
          D:10 |       0 |    3662 |   0.0 |       0 |      26 |   0.0 |   596
          D:11 |       0 |    6311 |   0.0 |       0 |      36 |   0.0 |  1219
          D:12 |       0 |    9434 |   0.0 |       0 |      35 |   0.0 |  1250
          D:13 |       0 |   13925 |   0.0 |       0 |      31 |   0.0 |  1748
          D:14 |       0 |   11087 |   0.0 |       0 |      32 |   0.0 |   981
          D:15 |       0 |   14985 |   0.0 |       0 |      50 |   0.0 |  1229
      Depths:1 |       0 |   31425 |   0.0 |       0 |      54 |   0.0 |  2594
      Depths:2 |       0 |   23467 |   0.0 |       0 |      38 |   0.0 |  2340
           Lab |       0 |    3024 |   0.0 |       0 |       6 |   0.0 |   430
               +---------+---------+-------+---------+---------+-------+---------
